AoeStats
← KaLong

Nomad

507387746Analyzed
4v4 RM · 15d ago on Sep 18, 2026· 29m 40s· 8 players
Game mode
Random Map
Map size
231×231
Population
200
Speed
Normal
Resources
Standard
Victory
Conquest
Starting age
Dark Age
Ending age
Imperial Age
RankedLock teamsTeams togetherTeam positionsShared explorationLock speedFull tech treeHidden civsTurbo modeCheats
Victory
Defeat
🇦🇷 Dravidians · Argentina
1644
+12
🇨🇱 Wu · Chile
1636
+12
🇵🇱 Italians · Poland
1564
+15
🇻🇳 Spanish · Vietnam
1501
+18
🇧🇷 Shu · Brazil
1580
-16
🇲🇽 Spanish · Mexico
1553
-14
🇺🇸 Saracens · United States
1531
-14
🇺🇸 Dravidians · United States
1516
-13
The Lord Daniel
5:46 Loom
13:50 Feudal Age
18:42 Castle Age
17:27 Double-Bit Axe
17:49 Horse Collar
19:26 Wheelbarrow
20:01 Bow Saw
21:55 Horse Collar
26:44 Padded Archer Armor
29:16 Hand Cart
倉木華
5:48 Loom
13:26 Feudal Age
17:21 Castle Age
KaLong
3:30 Loom
13:44 Feudal Age
17:42 Castle Age
16:51 Double-Bit Axe
19:18 Demolition Ship
20:10 Medium Warships
21:07 Fletching
Mr. M
3:33 Loom
13:41 Feudal Age
12:06 Loom
13:52 Feudal Age
15:14 Double-Bit Axe
15:09 Horse Collar
18:11 Castle Age
19:46 Bow Saw
Viet Nam Strategy
5:27 Loom
13:39 Feudal Age
18:43 Castle Age
17:16 Double-Bit Axe
17:12 Horse Collar
17:22 Gold Mining
17:23 Stone Mining
19:22 Wheelbarrow
19:50 Bow Saw
19:49 Padded Archer Armor
25:19 Heavy Plow
26:12 Husbandry
27:38 Ballistics
29:22 Hand Cart
EL_REY_TUT
9:27 Loom
11:52 Feudal Age
12:24 Double-Bit Axe
12:36 Loom
14:15 Fletching
16:38 Town Watch
19:14 Horse Collar
20:35 Wheelbarrow
22:48 Scale Barding Armor
24:17 Forging
29:24 Castle Age
AfricanNija
4:34 Loom
14:00 Feudal Age
14:48 Double-Bit Axe
14:56 Gold Mining
17:23 Town Watch
19:56 Castle Age
18:26 Stone Mining
20:04 Fletching
20:01 Fishing Lines
22:53 Bodkin Arrow
24:19 Fishing Lines
25:43 Padded Archer Armor
26:03 Medium Warships
26:35 Bow Saw
[CL]Jupy
3:58 Loom
12:51 Feudal Age
16:07 Forging
21:11 Castle Age
19:28 Fletching
20:58 Stone Mining
21:53 Bodkin Arrow
25:49 Medium Warships
26:54 Double-Bit Axe
28:32 Bow Saw
Connection lost

Rejoining the realm…

Still unreachable

The connection could not be restored.

Session expired

The server has moved on; the page needs a fresh start.